Map: Newkirk Precinct TE (Void)

Players

Fropez

  • Race: Protoss Protoss
  • League: Gold
  • Spawn Location: 7:00

JOe - Winner!

  • Race: Terran Terran
  • League: Platinum
  • Spawn Location: 5:00

VOD

Have the link to the VOD?

Description

Time

  • Played on: Jan. 4, 2017, 12:25 p.m.
  • Length: 18:15
Show
View Real Time Build Order
Export as new Build Order

Fropez Protoss 

Build Orders: 1 Gate Expand 

Get SALT Encoding   

  12  0:01  Probe (Chrono Boost)  
  13  0:11  Probe (Chrono Boost)  
  14  0:18  Pylon  
  14  0:22  Probe (Chrono Boost)  
  15  0:36  Probe (Chrono Boost)  
  15  0:38  Gateway  
  16  0:46  Probe (Chrono Boost)  
  17  0:50  Assimilator  
  18  0:57  Probe (Chrono Boost)  
  18  1:07  Probe (Chrono Boost)  
  19  1:19  Probe (Chrono Boost)  
  19  1:20  Pylon  
  20  1:33  Nexus  
  20  2:01  Pylon  
  20  2:04  Cybernetics Core  
  20  2:11  Probe (Chrono Boost)  
  21  2:18  Pylon  
  21  2:19  Gateway  
  21  2:21  Probe (Chrono Boost)  
  22  2:34  Warp Gate  
  22  2:35  Assimilator  
  23  2:37  Probe (Chrono Boost)  
  23  2:51  Adept  
  25  3:01  Probe (Chrono Boost)  
  25  3:05  Probe (Chrono Boost)  
  27  3:07  Adept  
  31  3:15  Probe (Chrono Boost), Mothership Core (Chrono Boost)  
  31  3:17  Adept  
  32  3:26  Pylon, Probe (Chrono Boost)  
  36  3:34  Probe (Chrono Boost)  
  36  3:36  Probe (Chrono Boost)  
  36  3:39  Twilight Council  
  37  3:46  Probe (Chrono Boost)  
  37  3:47  Probe (Chrono Boost), Assimilator  
  39  3:51  Pylon  
  39  3:57  Probe (Chrono Boost)  
  39  3:59  Probe (Chrono Boost)  
  39  4:00  Assimilator  
  41  4:08  Probe (Chrono Boost), Gateway  
  43  4:10  Blink  
  43  4:11  Probe (Chrono Boost)  
  43  4:15  Pylon  
  43  4:18  Probe (Chrono Boost)  
  43  4:23  Probe (Chrono Boost)  
  43  4:29  Probe (Chrono Boost)  
  44  4:32  Gateway  
  44  4:35  Probe (Chrono Boost)  
  45  4:52  Robotics Facility  
  47  4:54  Pylon  
  46  5:03  Nexus  
  45  5:10  Stalker x2  
  49  5:22  Gateway  
  49  5:25  Stalker  
  51  5:30  Stalker  
  51  5:34  Stalker x2  
  58  5:37  Probe (Chrono Boost)  
  56  5:51  Probe (Chrono Boost), Stalker  
  56  5:53  Probe (Chrono Boost)  
  60  6:02  Probe (Chrono Boost)  
  60  6:03  Forge x2  
  61  6:07  Pylon  
  61  6:08  Pylon  
  61  6:12  Stalker  
  61  6:13  Pylon  
  63  6:19  Observer  
  63  6:24  Stalker x2  
  68  6:27  Protoss Ground Weapons Level 1  
  68  6:31  Stalker x2  
  66  6:42  Stalker  
  66  6:47  Probe (Chrono Boost)  
  66  7:08  Stalker x2  
  66  7:09  Stalker  
  66  7:15  Probe (Chrono Boost)  
  73  7:18  Protoss Ground Armor Level 1  
  73  7:19  Probe (Chrono Boost)  
  74  7:25  Warp Prism  
  76  7:35  Stalker  
  78  7:40  Probe (Chrono Boost)  
  79  7:46  Stalker x2  
  83  7:59  Observer  
  84  8:06  Stalker x3  
  93  8:12  Probe (Chrono Boost)  
  93  8:13  Pylon, Probe x2 (Chrono Boost)  
  93  8:17  Observer  
  88  8:36  Observer  
  88  8:39  Probe x2 (Chrono Boost)  
  88  8:40  Forge  
  91  8:41  Pylon  
  91  8:46  Assimilator, Stalker x3  
  91  8:47  Stalker x2  
  101  8:49  Assimilator  
  101  9:02  Gateway  
  101  9:04  Gateway  
  101  9:05  Gateway  
  101  9:10  Photon Cannon  
  101  9:14  Pylon  
  101  9:20  Protoss Ground Weapons Level 2  
  82  10:08  Probe x2 (Chrono Boost)  
  82  10:09  Probe (Chrono Boost), Stalker x3  
  82  10:10  Stalker x2  
  82  10:11  Protoss Shields Level 1  
  93  10:19  Pylon  
  93  10:20  Stalker x3  
  94  10:24  Photon Cannon  
  94  10:26  Pylon  
  88  10:31  Observer  
  88  10:35  Stalker x2  
  76  10:55  Stalker x2  
  75  11:22  Stalker  
  75  11:23  Stalker x3  
  83  11:35  Nexus  
  83  11:38  Pylon, Assimilator  
  83  11:42  Pylon  
  83  11:43  Assimilator  
  83  11:47  Pylon  
  69  12:16  Stalker x4  
  73  12:50  Stalker x3  
  73  12:51  Stalker  
  73  13:06  Stalker  
  75  13:15  Stalker  
  69  13:33  Stalker  
  67  13:38  Probe x3 (Chrono Boost)  
  67  13:39  Probe (Chrono Boost)  
  69  13:48  Probe (Chrono Boost)  
  70  13:55  Probe x2 (Chrono Boost)  
  73  13:56  Probe (Chrono Boost)  
  73  13:59  Probe (Chrono Boost)  
  74  14:05  Probe (Chrono Boost)  
  75  14:16  Forge  
  77  14:17  Probe x2 (Chrono Boost)  
  77  14:18  Probe (Chrono Boost), Forge  
  77  14:19  Forge  
  69  14:32  Stalker x2  
  69  14:38  Probe (Chrono Boost)  
  72  14:45  Pylon  
  72  14:50  Stalker  
  68  15:13  Probe x2 (Chrono Boost)  
  71  15:14  Probe (Chrono Boost)  
  71  15:19  Probe (Chrono Boost)  
  72  15:26  Stalker  
  73  15:36  Stalker  
  73  15:59  Stalker x2  
  77  16:08  Stalker  
  82  16:26  Probe x2 (Chrono Boost)  
  82  16:27  Probe x2 (Chrono Boost)  
  82  16:35  Photon Cannon  
  82  16:38  Photon Cannon  
  81  16:42  Stalker  
  86  16:54  Probe x3 (Chrono Boost)  
  86  16:55  Probe (Chrono Boost)  
  73  17:22  Stalker x3  
  62  17:23  Stalker x2  
  68  17:38  Stalker x2  
  50  17:59  Stalker x2  
  50  18:01  Stalker x2  
  50  18:05  Pylon  
Show
View Real Time Build Order
Export as new Build Order

JOe Terran - Winner!

Build Orders:  

Get SALT Encoding   

  12  0:01  SCV  
  13  0:13  SCV  
  14  0:18  Supply Depot  
  14  0:25  SCV  
  15  0:37  Refinery  
  15  0:40  SCV  
  16  0:47  Barracks  
  16  0:52  SCV  
  17  1:04  SCV  
  18  1:16  SCV  
  19  1:28  SCV  
  20  1:40  Marine, SCV  
  20  1:41  Factory  
  22  1:58  Orbital Command  
  22  2:00  Marine  
  23  2:20  Barracks Tech Lab  
  23  2:21  Supply Depot  
  23  2:24  Supply Depot  
  23  2:28  Factory Reactor  
  23  2:33  SCV, Refinery  
  23  2:43  Marine  
  24  2:46  SCV  
  25  2:56  Command Center  
  25  3:15  Engineering Bay  
  25  3:16  Siege Tank  
  25  3:18  Marine x2  
  30  3:24  SCV  
  31  3:36  SCV  
  31  3:39  Marine x2  
  34  3:47  Missile Turret  
  34  3:48  Siege Tank, SCV  
  35  3:52  Missile Turret  
  38  4:00  SCV  
  39  4:07  Marine x2  
  39  4:09  Orbital Command  
  41  4:16  Supply Depot  
  41  4:26  Starport, SCV  
  42  4:35  SCV  
  43  4:45  Siege Tank, Missile Turret  
  46  4:46  Marine  
  46  4:47  SCV  
  46  4:48  Marine  
  46  4:51  Liberator  
  49  4:53  SCV  
  50  5:00  SCV  
  50  5:06  SCV  
  52  5:11  Supply Depot  
  52  5:12  SCV  
  56  5:18  Fusion Core  
  56  5:22  Refinery  
  56  5:29  SCV  
  56  5:35  Missile Turret  
  57  5:58  Starport  
  57  5:59  Starport Tech Lab  
  57  6:04  SCV, Hi-Sec Auto Tracking  
  57  6:06  SCV  
  59  6:13  Command Center  
  59  6:14  Marine x2, Refinery  
  59  6:16  SCV, Widow Mine  
  59  6:18  SCV  
  65  6:20  Advanced Ballistics  
  65  6:30  SCV  
  62  6:42  SCV  
  60  7:10  Battlecruiser  
  60  7:11  Starport Tech Lab  
  60  7:14  Starport  
  66  7:16  SCV  
  67  7:24  Supply Depot  
  67  7:26  Supply Depot  
  67  7:28  Orbital Command, SCV  
  67  7:29  Missile Turret  
  68  7:35  Command Center  
  68  7:40  Battlecruiser  
  74  7:47  Marine x2  
  76  8:00  Starport Reactor  
  76  8:10  Siege Tank  
  79  8:22  Liberator  
  78  8:37  Battlecruiser  
  87  9:10  Siege Tank  
  87  9:11  Marine x2, Orbital Command  
  87  9:15  Bunker, Missile Turret  
  92  9:17  Battlecruiser, Bunker  
  80  10:31  Siege Tank  
  78  11:05  Liberator x2  
  78  11:24  Battlecruiser  
  78  11:25  Battlecruiser  
  96  11:55  Siege Tank  
  90  12:24  Weapon Refit  
  84  12:58  Supply Depot  
  84  13:00  Supply Depot  
  84  13:03  Supply Depot  
  84  13:04  Supply Depot  
  84  13:05  Supply Depot  
  81  13:16  Battlecruiser  
  81  13:19  Battlecruiser  
  69  14:08  Siege Tank  
  72  14:20  Battlecruiser  
  72  14:24  Battlecruiser  
  84  15:33  Battlecruiser  
  90  15:54  Orbital Command  
  87  16:38  Refinery  
  87  16:41  Refinery  
  78  17:25  SCV  
  78  17:28  SCV  
  80  17:37  SCV  
  80  17:40  Siege Tank, SCV  
Tags
 
Add a new tag
Caveats
  • Supply blocks, unpowered buildings, or Contaminate may cause inaccurate times.
  • Supply counts are checked every 10 seconds.